AoeStats
← Kevin Durant

Arabian Desert

510939622Analyzed
1v1 RM · 18h ago on Oct 3, 2026· 43m 46s· 2 players
Game mode
Random Map
Map size
Tiny (2 player)
Population
200
Speed
Normal
Resources
Standard
Victory
Conquest
Starting age
Dark Age
Ending age
Imperial Age
RankedLock teamsTeams togetherTeam positionsShared explorationLock speedFull tech treeHidden civsTurbo modeCheats
Victory
Defeat
🇰🇿 Khmer · Kazakhstan
1077
+17
🇩🇪 Britons · Germany
1099
-17
DarkDaiver
2:50 Loom
10:51 Feudal Age
14:44 Castle Age
13:38 Double-Bit Axe
17:46 Forging
18:19 Horse Collar
18:45 Gold Mining
20:06 Scale Barding Armor
21:48 Bow Saw
23:43 Bloodlines
23:54 Heavy Plow
26:41 Iron Casting
26:47 Chain Barding Armor
27:15 Fletching
27:26 Padded Archer Armor
28:38 Husbandry
28:15 Elite Skirmisher
29:22 Bodkin Arrow
31:07 Gold Shaft Mining
30:27 Stone Mining
31:27 Wheelbarrow
31:17 Leather Archer Armor
37:49 Imperial Age
36:42 Light Cavalry
39:45 Blast Furnace
39:26 Plate Barding Armor
40:46 Conscription
42:21 Bracer
43:51 Chemistry
44:28 Blast Furnace
44:08 Hand Cart
Kevin Durant
6:42 Loom
9:38 Feudal Age
12:23 Double-Bit Axe
12:50 Fletching
16:43 Wheelbarrow
20:31 Castle Age
19:59 Horse Collar
20:15 Gold Mining
21:22 Bow Saw
20:36 Crossbowman
21:56 Pikeman
22:58 Town Watch
27:28 Gold Shaft Mining
27:23 Squires
29:34 Heavy Plow
29:31 Stone Mining
32:47 Bodkin Arrow
37:22 Town Patrol
37:31 Town Patrol
40:40 Imperial Age
41:24 Hand Cart
41:44 Bracer
Connection lost

Rejoining the realm…

Still unreachable

The connection could not be restored.

Session expired

The server has moved on; the page needs a fresh start.